 Dungeon Crawl Stone Soup version 0.31.0-32-g396128a36d (webtiles) character file.

Game seed: 6623347982087337452

38 PaiMei the Grave Robber (level 3, -1/25 HPs)
             Began as a Demonspawn Necromancer on Apr 23, 2024.
             Slain by a kobold
             ... wielding a +2 short sword of electrocution
              (5 damage)
             ... on level 2 of the Dungeon.
             The game lasted 00:02:35 (1819 turns).

PaiMei the Grave Robber (Demonspawn Necromancer)    Turns: 1819, Time: 00:02:35

Health: -1/25      AC:  6    Str:  8    XL:     3   Next: 25%
Magic:  6/6        EV: 12    Int: 17    God:
Gold:   98         SH:  0    Dex: 13    Spells: 5/6 levels left

rFire   . . .        e - +0 hand axe
rCold   . . .        (no shield)
rNeg    . . .        a - +0 robe
rPois   .            f - +1 helmet {SInv}
rElec   .            (no cloak)
rCorr   .            (no gloves)
SInv    +            k - +0 pair of boots
Will    .....        (no amulet)
Stlth   ++           (no ring)
HPRegen 0.24/turn    (no ring)
MPRegen 0.10/turn

%: no passive effects
@: no status effects
A: rugged brown scales 1, powered by pain 1
a: no special abilities


You were on level 2 of the Dungeon.
You visited 1 branch of the dungeon, and saw 2 of its levels.

You collected 98 gold pieces.

Inventory:

Hand Weapons
 e - a +0 hand axe (weapon)
Armour
 a - a +0 robe (worn)
 f - a +1 helmet of see invisible (worn)
 i - a +0 ring mail
 k - a +0 pair of boots (worn)
Scrolls
 c - 7 scrolls of identify {unknown}
 g - a scroll of amnesia {unknown}
 l - a scroll of blinking {unknown}
Potions
 b - a potion of magic
 d - 2 potions of attraction {unknown}
 h - 2 potions of degeneration {unknown}
 j - a potion of brilliance {unknown}


   Skills:
 + Level 0.9 Fighting
 + Level 2.2 Dodging
 - Level 2.0 Stealth
 + Level 2.4 Spellcasting
 + Level 4.7 Necromancy


You had 5 spell levels left.
You knew the following spells:

 Your Spells              Type           Power      Damage    Failure   Level
a - Necrotise             Necr           72%        1d7       2%          1

Your spell library contained the following spells:

 Spells                   Type           Power      Damage    Failure   Level
 Vampiric Draining        Necr           18%        2d7       8%          3
 Animate Dead             Necr           18%        N/A       26%         4
 Curse of Agony           Necr           18%        N/A       58%         5


Dungeon Overview and Level Annotations

Branches:
Dungeon (2/15)

Altars:

Annotations:
D:2 Sigmund, Terence


Innate Abilities, Weirdness & Mutations

You are partially covered in rugged brown scales. (AC +1, +3% HP)
You sometimes gain a little power by taking damage.


Message History

You can't see any susceptible monsters within range! (Use Z to cast anyway.)
Casting: Necrotise (safe; 2% risk of failure)
Confirm with . or Enter, or press ? or * to list all spells.
You can't see any susceptible monsters within range! (Use Z to cast anyway.)
Casting: Necrotise (safe; 2% risk of failure)
Confirm with . or Enter, or press ? or * to list all spells.
You can't see any susceptible monsters within range! (Use Z to cast anyway.)
Your hobgoblin skeleton crumbles into dust!
There is a stone staircase leading up here.
A kobold comes into view.
It is wielding a +2 short sword of electrocution.
The kobold shouts!
You hear a shout!
Terence the Incautious comes into view.
He is wielding a +0 flail.
Sigmund the Dreaded comes into view.
He is wielding a +0 scythe of freezing.
Sigmund shouts!
Sigmund moves out of view.
A rat comes into view.
The rat squeaks loudly.
You see here 10 gold pieces.
Casting: Necrotise (safe; 2% risk of failure)
Confirm with . or Enter, or press ? or * to list all spells.
Aiming: Necrotise (safe; 2% risk of failure)
Press: ? - help, Shift-Dir - straight line, f - Sigmund
Aim: Sigmund, wielding a +0 scythe of freezing and wearing a +0 robe (chance to affect: 83%) Sigmund writhes in agony.
Sigmund points at you and mumbles some strange words.
The magic dart hits you. The kobold attacks as it pursues you!
The kobold closely misses you. The kobold attacks as it pursues you!
The kobold barely misses you. The kobold attacks as it pursues you!
The kobold hits you but does no damage.
You are electrocuted!
The kobold attacks as it pursues you!
The kobold hits you with a +2 short sword of electrocution.
You are electrocuted!
* * * LOW HITPOINT WARNING * * *
Casting: Necrotise (safe; 2% risk of failure)
Confirm with . or Enter, or press ? or * to list all spells.
You don't know that spell.
The kobold attacks as it pursues you!
The kobold hits you with a +2 short sword of electrocution.
You die...

...>.####...............
.......................
........###########...#
..............## #...###...
...............## #.........
................####.#
####.................#### .
#....................### ...
##........<..@K.@@r....##.....
##........###........$.......
###......###....##..##......
#.#....#.......#..........
#..............##..#......
#.........................
#....)....<.....###$......
#............##.# ..... #
#...............##..#.#


You could see Sigmund, Terence, a kobold and a rat.

Vanquished Creatures
  4 ball pythons
  5 endoplasms
  4 goblins
  5 hobgoblins
  2 quokkas
  4 bats
  3 frilled lizards (D:1)
  4 rats
31 creatures vanquished.

Vanquished Creatures (collateral kills)
  A ball python (D:2)
  An endoplasm (D:1)
  A hobgoblin (D:1)
3 creatures vanquished.

Grand Total: 34 creatures vanquished

Notes
Turn   | Place    | Note
-------+----------+-------------------------------------------
     0 | D:1      | PaiMei the Demonspawn Necromancer began the quest for the
                  | Orb.
     0 | D:1      | Reached XP level 1. HP: 13/13 MP: 3/3
   587 | D:1      | Gained mutation: You are partially covered in rugged brown
                  | scales. (AC +1, +3% HP) [demonic ancestry]
   587 | D:1      | Reached XP level 2. HP: 13/19 MP: 3/5
  1539 | D:2      | Gained mutation: You sometimes gain a little power by
                  | taking damage. [demonic ancestry]
  1539 | D:2      | Reached XP level 3. HP: 25/25 MP: 3/6
  1807 | D:2      | Noticed Terence
  1808 | D:2      | Noticed Sigmund
  1819 | D:2      | Slain by a kobold

Illustrated notes

Levels and vault maps discovered:
D:1:      tarquinn_simple_flora_water_d, layout_loops_corners
D:2:      layout_rooms, shapermc_ecumenical_altar_hornbeckon, uniq_natasha,
          uniq_sigmund, uniq_terence

Skill      XL: |  1 |
---------------+----+-----
Dodging        | 2 |  2.2
Stealth        | 2 |  2.0
Fighting       | |  0.9
Spellcasting   | |  2.4
Necromancy     | |  4.7

Action                     || total
---------------------------++-------
  Melee: Unarmed           ||     6
         Hand axe          ||     3
   Cast: Necrotise         ||    59
 Armour: Robe              ||    21
  Dodge: Dodged            ||    15
